Thrashers vs Hurricanes

Created - April 1 2007 at 12:09

Goals
1 2 3 OT1 T
Thrashers 0 0 1 1 2
Hurricanes 0 1 0 0 1
Shots
1 2 3 OT1 T
Thrashers 15 15 9 4 43
Hurricanes 10 5 13 2 30

Period #1

No Goal

Penalities :
Eric Staal (CAR) for Charging (Minor) at 11:29, Erik Cole (CAR) for Diving (Minor) at 11:57

Period #2

1. Hurricanes , Kevyn Adams 2 (Brent Sopel) at 12:19

Penalities :
Brett Clark (ATL) for Roughing (Minor) at 0:06, Brent Sopel (CAR) for Tripping (Minor) at 3:03, Scott Mellanby (ATL) for Interference (Minor) at 5:36, Philippe Boucher (ATL) for Holding (Minor) at 5:41, Robert Lang (ATL) for Hooking (Minor) at 8:06, Brad Isbister (CAR) for Kneeing (Major) at 17:36

Period #3

2. Thrashers , Ilya Kovalchuk 45 (Greg de Vries) at 5:15

Penalities :
Mike Van Ryn (ATL) for Tripping (Minor) at 7:43, Kari Lehtonen (ATL) for Slashing (Minor) at 9:19 - Jozef Stumpel served the penalty., Kevyn Adams (CAR) for Fighting (Major) at 18:49, Jozef Stumpel (ATL) for Fighting (Major) at 18:49

Overtime #1

3. Thrashers , Marian Hossa 31 (Ilya Kovalchuk, Philippe Boucher) at 4:20

Penalities :
No Penalty

Goalie Stats

Kari Lehtonen (ATL), 29 saves from 30 shots - (0.967), W, 34-15-7, 64:21 minutes
Evgeni Nabokov (CAR), 41 saves from 43 shots - (0.953), OTL, 26-13-5, 64:21 minutes

Players Stats

Thrashers
Player Name              G  A  P  +/- PIM S  H  SB FO MP 
-----------------------------------------------------------
Ales Kotalik             0  0  0  -1  0   1  0  0  1  18 
Alexander Frolov         0  0  0  -1  0   5  0  0  1  21 
Andy Sutton              0  0  0   0  0   1  2  2  0  16 
Anson Carter             0  0  0   1  0   2  0  0  2  12 
Bobby Holik              0  0  0   1  0   0  1  0  19 13 
Brendan Morrison         0  0  0   1  0   3  1  0  20 15 
Brett Clark              0  0  0   0  2   1  0  1  0  21 
Brian Leetch             0  0  0   1  0   1  1  1  0  19 
Greg de Vries            0  1  1   1  0   0  1  0  0  17 
Ilya Kovalchuk           1  1  2   2  0   10 0  1  2  21 
Jozef Stumpel            0  0  0  -1  5   2  1  0  19 17 
Ladislav Nagy            0  0  0   0  0   2  1  0  1  18 
Marian Hossa             1  0  1   1  0   4  0  0  0  20 
Mike Van Ryn             0  0  0  -1  2   1  3  2  0  17 
Niclas Havelid           0  0  0  -1  0   1  0  0  0  25 
Philippe Boucher         0  1  1   1  2   2  3  1  0  21 
Robert Lang              0  0  0   0  2   6  0  0  26 21 
Scott Mellanby           0  0  0   0  2   1  0  1  0  11 
Hurricanes
Player Name              G  A  P  +/- PIM S  H  SB FO MP 
-----------------------------------------------------------
Brad Isbister            0  0  0   0  5   0  0  0  0  10 
Brent Sopel              0  1  1  -1  2   0  0  7  0  21 
Bret Hedican             0  0  0   0  0   0  1  3  0  17 
Cory Stillman            0  0  0   0  0   3  2  1  3  22 
David Tanabe             0  0  0  -1  0   1  0  2  0  25 
Eric Belanger            0  0  0   0  0   0  1  0  15 12 
Eric Staal               0  0  0   0  2   6  0  0  32 22 
Erik Cole                0  0  0   0  2   0  0  2  8  21 
Frantisek Kaberle        0  0  0   0  0   1  1  1  0  20 
Fredrik Sjostrom         0  0  0   0  0   5  0  0  0  10 
Glen Wesley              0  0  0   0  0   0  0  6  0  25 
Jeff Halpern             0  0  0   0  0   2  0  1  17 19 
Justin Williams          0  0  0  -1  0   2  0  0  3  17 
Kevyn Adams              1  0  1   0  5   2  0  0  10 9  
Kurtis Foster            0  0  0   0  0   0  1  2  0  22 
Martin Havlat            0  0  0  -1  0   7  0  1  0  19 
Ray Whitney              0  0  0   0  0   1  0  0  0  11 
Scott Walker             0  0  0   0  0   0  0  0  3  21 

3 Stars

1 - Kari Lehtonen (ATL)
2 - Ilya Kovalchuk (ATL)
3 - Evgeni Nabokov (CAR)

Power Play

Thrashers - 0 on 5 Attempt(s) - 0.00%
Hurricanes - 0 on 4 Attempt(s) - 0.00%

Penalty Kill

Thrashers - 4 on 4 Attempt(s) - 100.00% - Score 0 goal in Penalty Kill
Hurricanes - 5 on 5 Attempt(s) - 100.00% - Score 0 goal in Penalty Kill

Game Notes

Kevyn Adams and Jozef Stumpel fight to a draw at 18:49 of 3rd period

Finance

Level 1 -- Attendance: 4801 (80.02%) -- Ticket Income $480,100.00
Level 2 -- Attendance: 4103 (76.26%) -- Ticket Income $246,180.00
Level 3 -- Attendance: 1912 (81.35%) -- Ticket Income $66,920.00
Level 4 -- Attendance: 4000 (100.00%) -- Ticket Income $80,000.00
Luxury Box -- Attendance: 770 (77.05%) -- Ticket Income $154,000.00
Game was played at the RBC Center
Total Attendance: 15586 (83.21%)
Total Ticket Income: $1,088,060.00
Other Income: $152,541.90
Total Income: $1,240,602.00


Play by Play

Period #1

0:01 of 1st period - Eric Staal wins face-off versus Robert Lang in neutral zone.
0:22 of 1st period - Shot by Marian Hossa.
0:22 of 1st period - Deflect By Robert Lang.
0:22 of 1st period - Shot Blocked by Erik Cole.
0:25 of 1st period - Shot by Robert Lang.
0:25 of 1st period - Stopped by Evgeni Nabokov with a rebound.
0:26 of 1st period - Shot by Brett Clark.
0:26 of 1st period - Shot Blocked by Brent Sopel.
0:27 of 1st period - Shot by Brett Clark.
0:27 of 1st period - Shot Blocked by Brent Sopel.
0:32 of 1st period - Shot by Robert Lang.
0:32 of 1st period - Shot Misses the Net.
0:35 of 1st period - Shot by Marian Hossa.
0:35 of 1st period - Shot Blocked by Brent Sopel.
0:38 of 1st period - Shot by Marian Hossa.
0:38 of 1st period - Shot Misses the Net.
1:29 of 1st period - Shot by Martin Havlat.
1:29 of 1st period - Deflect By Justin Williams.
1:29 of 1st period - Stopped by Kari Lehtonen without a rebound.
1:30 of 1st period - Eric Belanger wins face-off versus Jozef Stumpel in Thrashers zone.
1:30 of 1st period - Ray Whitney is hit by Mike Van Ryn and loses puck.
1:42 of 1st period - Shot by Ales Kotalik.
1:42 of 1st period - Shot Misses the Net.
1:45 of 1st period - Shot by Jozef Stumpel.
1:45 of 1st period - Shot Misses the Net.
1:50 of 1st period - Shot by Alexander Frolov.
1:50 of 1st period - Deflect By Jozef Stumpel.
1:50 of 1st period - Shot Misses the Net.
2:28 of 1st period - Icing by Ilya Kovalchuk.
2:29 of 1st period - Brendan Morrison wins face-off versus Jeff Halpern in Thrashers zone.
2:54 of 1st period - Shot by Brendan Morrison.
2:54 of 1st period - Stopped by Evgeni Nabokov without a rebound.
2:55 of 1st period - Eric Staal wins face-off versus Bobby Holik in Hurricanes zone.
3:12 of 1st period - Shot by Scott Mellanby.
3:12 of 1st period - Shot Misses the Net.
3:34 of 1st period - Off-side.
3:35 of 1st period - Jeff Halpern wins face-off versus Robert Lang in neutral zone.
4:02 of 1st period - Shot by Justin Williams.
4:02 of 1st period - Deflect By Martin Havlat.
4:02 of 1st period - Stopped by Kari Lehtonen without a rebound.
4:03 of 1st period - Kevyn Adams wins face-off versus Jozef Stumpel in Thrashers zone.
4:26 of 1st period - Shot by Mike Van Ryn.
4:26 of 1st period - Stopped by Evgeni Nabokov without a rebound.
4:27 of 1st period - Eric Belanger wins face-off versus Anson Carter in Hurricanes zone.
4:44 of 1st period - Shot by Ilya Kovalchuk.
4:44 of 1st period - Shot Blocked by Kurtis Foster.
4:47 of 1st period - Shot by Brendan Morrison.
4:47 of 1st period - Shot Misses the Net.
4:50 of 1st period - Shot by Ilya Kovalchuk.
4:50 of 1st period - Stopped by Evgeni Nabokov without a rebound.
4:51 of 1st period - Justin Williams wins face-off versus Robert Lang in Hurricanes zone.
5:10 of 1st period - Shot by Ladislav Nagy.
5:10 of 1st period - Deflect By Marian Hossa.
5:10 of 1st period - Stopped by Evgeni Nabokov with a rebound.
5:11 of 1st period - Shot by Philippe Boucher.
5:11 of 1st period - Stopped by Evgeni Nabokov without a rebound.
5:12 of 1st period - Eric Staal wins face-off versus Jozef Stumpel in Hurricanes zone.
6:51 of 1st period - Shot by Ray Whitney.
6:51 of 1st period - Shot Misses the Net.
6:52 of 1st period - Shot by Frantisek Kaberle.
6:52 of 1st period - Deflect By Eric Belanger.
6:52 of 1st period - Shot Misses the Net.
6:53 of 1st period - Shot by Frantisek Kaberle.
6:53 of 1st period - Stopped by Kari Lehtonen with a rebound.
7:05 of 1st period - Eric Belanger is hit by Philippe Boucher and loses puck.
7:22 of 1st period - Robert Lang is hit by Bret Hedican and loses puck.
8:02 of 1st period - Shot by Martin Havlat.
8:02 of 1st period - Stopped by Kari Lehtonen with a rebound.
8:05 of 1st period - Shot by Martin Havlat.
8:05 of 1st period - Stopped by Kari Lehtonen without a rebound.
8:06 of 1st period - Eric Belanger wins face-off versus Brendan Morrison in Thrashers zone.
8:42 of 1st period - Scott Walker is hit by Brendan Morrison and loses puck.
9:02 of 1st period - Shot by Alexander Frolov.
9:02 of 1st period - Shot Blocked by Brent Sopel.
9:03 of 1st period - Shot by Niclas Havelid.
9:03 of 1st period - Shot Misses the Net.
9:04 of 1st period - Shot by Andy Sutton.
9:04 of 1st period - Stopped by Evgeni Nabokov with a rebound.
9:07 of 1st period - Shot by Scott Mellanby.
9:07 of 1st period - Shot Hit the Post.
9:10 of 1st period - Shot by Alexander Frolov.
9:10 of 1st period - Shot Blocked by Brent Sopel.
9:13 of 1st period - Shot by Bobby Holik.
9:13 of 1st period - Shot Misses the Net.
9:27 of 1st period - Icing by Scott Mellanby.
9:28 of 1st period - Bobby Holik wins face-off versus Jeff Halpern in Thrashers zone.
9:41 of 1st period - Shot by Justin Williams.
9:41 of 1st period - Deflect By Martin Havlat.
9:41 of 1st period - Shot Blocked by Andy Sutton.
9:42 of 1st period - Shot by David Tanabe.
9:42 of 1st period - Deflect By Martin Havlat.
9:42 of 1st period - Shot Blocked by Scott Mellanby.
9:43 of 1st period - Shot by Jeff Halpern.
9:43 of 1st period - Shot Misses the Net.
9:46 of 1st period - Shot by Justin Williams.
9:46 of 1st period - Shot Blocked by Andy Sutton.
9:47 of 1st period - Shot by David Tanabe.
9:47 of 1st period - Stopped by Kari Lehtonen without a rebound.
9:48 of 1st period - Kevyn Adams wins face-off versus Brendan Morrison in Thrashers zone.
10:15 of 1st period - Shot by Ilya Kovalchuk.
10:15 of 1st period - Stopped by Evgeni Nabokov with a rebound.
10:16 of 1st period - Shot by Brian Leetch.
10:16 of 1st period - Shot Misses the Net.
10:24 of 1st period - Icing by Fredrik Sjostrom.
10:25 of 1st period - Robert Lang wins face-off versus Kevyn Adams in Hurricanes zone.
10:32 of 1st period - Shot by Robert Lang.
10:32 of 1st period - Stopped by Evgeni Nabokov without a rebound.
10:33 of 1st period - Eric Staal wins face-off versus Robert Lang in Hurricanes zone.
11:22 of 1st period - Shot by Scott Mellanby.
11:22 of 1st period - Deflect By Ilya Kovalchuk.
11:22 of 1st period - Shot Blocked by David Tanabe.
11:25 of 1st period - Shot by Ilya Kovalchuk.
11:25 of 1st period - Stopped by Evgeni Nabokov without a rebound.
11:26 of 1st period - Jozef Stumpel wins face-off versus Eric Belanger in Hurricanes zone.
11:29 of 1st period - Shot by Ales Kotalik.
11:29 of 1st period - Stopped by Evgeni Nabokov without a rebound.
11:29 of 1st period - Minor Penalty to Eric Staal for Charging.
11:30 of 1st period - Brendan Morrison wins face-off versus Erik Cole in Hurricanes zone.
11:31 of 1st period - Brendan Morrison wins face-off versus Erik Cole in Hurricanes zone.
11:57 of 1st period - Minor Penalty to Erik Cole for Diving.
11:58 of 1st period - Cory Stillman wins face-off versus Robert Lang in Hurricanes zone.
13:33 of 1st period - Shot by Alexander Frolov.
13:33 of 1st period - Deflect By Marian Hossa.
13:33 of 1st period - Shot Blocked by Brent Sopel.
14:04 of 1st period - Shot by Fredrik Sjostrom.
14:04 of 1st period - Shot Misses the Net.
14:16 of 1st period - Kevyn Adams is hit by Bobby Holik and loses puck.
15:29 of 1st period - Off-side.
15:30 of 1st period - Ilya Kovalchuk wins face-off versus Eric Belanger in neutral zone.
15:46 of 1st period - Ilya Kovalchuk is hit by Eric Belanger and loses puck.
16:17 of 1st period - Icing by Brian Leetch.
16:18 of 1st period - Jeff Halpern wins face-off versus Bobby Holik in Thrashers zone.
16:33 of 1st period - Shot by Martin Havlat.
16:33 of 1st period - Stopped by Kari Lehtonen without a rebound.
16:34 of 1st period - Eric Staal wins face-off versus Robert Lang in Thrashers zone.
16:43 of 1st period - Shot by Cory Stillman.
16:43 of 1st period - Stopped by Kari Lehtonen without a rebound.
16:44 of 1st period - Jozef Stumpel wins face-off versus Kevyn Adams in Thrashers zone.
16:59 of 1st period - Shot by Alexander Frolov.
16:59 of 1st period - Deflect By Jozef Stumpel.
16:59 of 1st period - Stopped by Evgeni Nabokov without a rebound.
17:00 of 1st period - Jeff Halpern wins face-off versus Brendan Morrison in Hurricanes zone.
17:45 of 1st period - Shot by Marian Hossa.
17:45 of 1st period - Shot Blocked by Glen Wesley.
17:46 of 1st period - Shot by Brett Clark.
17:46 of 1st period - Shot Misses the Net.
17:49 of 1st period - Shot by Ladislav Nagy.
17:49 of 1st period - Shot Misses the Net.
17:52 of 1st period - Shot by Marian Hossa.
17:52 of 1st period - Shot Misses the Net.
17:55 of 1st period - Shot by Ladislav Nagy.
17:55 of 1st period - Shot Misses the Net.
17:56 of 1st period - Shot by Philippe Boucher.
17:56 of 1st period - Shot Blocked by David Tanabe.
17:57 of 1st period - Shot by Philippe Boucher.
17:57 of 1st period - Stopped by Evgeni Nabokov without a rebound.
17:58 of 1st period - Eric Belanger wins face-off versus Jozef Stumpel in Hurricanes zone.
18:05 of 1st period - Shot by Alexander Frolov.
18:05 of 1st period - Stopped by Evgeni Nabokov without a rebound.
18:06 of 1st period - Jozef Stumpel wins face-off versus Eric Staal in Hurricanes zone.
18:09 of 1st period - Shot by Alexander Frolov.
18:09 of 1st period - Shot Misses the Net.
18:42 of 1st period - Shot by Eric Staal.
18:42 of 1st period - Stopped by Kari Lehtonen without a rebound.
18:43 of 1st period - Robert Lang wins face-off versus Eric Belanger in Thrashers zone.
19:16 of 1st period - Shot by Ladislav Nagy.
19:16 of 1st period - Stopped by Evgeni Nabokov without a rebound.
19:17 of 1st period - Kevyn Adams wins face-off versus Anson Carter in Hurricanes zone.
19:28 of 1st period - Shot by Fredrik Sjostrom.
19:28 of 1st period - Stopped by Kari Lehtonen without a rebound.
19:29 of 1st period - Bobby Holik wins face-off versus Jeff Halpern in Thrashers zone.

Period #2

0:01 of 2nd period - Eric Staal wins face-off versus Robert Lang in neutral zone.
0:05 of 2nd period - Brent Sopel is hit by Ladislav Nagy and loses puck.
0:06 of 2nd period - Minor Penalty to Brett Clark for Roughing.
0:07 of 2nd period - Scott Walker wins face-off versus Jozef Stumpel in neutral zone.
0:24 of 2nd period - Shot by Jeff Halpern.
0:24 of 2nd period - Stopped by Kari Lehtonen without a rebound.
0:25 of 2nd period - Eric Staal wins face-off versus Bobby Holik in Thrashers zone.
0:41 of 2nd period - Erik Cole is hit by Andy Sutton and loses puck.
1:58 of 2nd period - Icing by Glen Wesley.
1:59 of 2nd period - Bobby Holik wins face-off versus Jeff Halpern in Hurricanes zone.
3:03 of 2nd period - Minor Penalty to Brent Sopel for Tripping.
3:04 of 2nd period - Alexander Frolov wins face-off versus Eric Staal in Hurricanes zone.
3:07 of 2nd period - Shot by Marian Hossa.
3:07 of 2nd period - Stopped by Evgeni Nabokov without a rebound.
3:08 of 2nd period - Robert Lang wins face-off versus Eric Staal in Hurricanes zone.
3:09 of 2nd period - Shot by Alexander Frolov.
3:09 of 2nd period - Stopped by Evgeni Nabokov without a rebound.
3:10 of 2nd period - Robert Lang wins face-off versus Cory Stillman in Hurricanes zone.
3:31 of 2nd period - Shot by Alexander Frolov.
3:31 of 2nd period - Shot Misses the Net.
3:32 of 2nd period - Shot by Greg de Vries.
3:32 of 2nd period - Shot Misses the Net.
3:33 of 2nd period - Shot by Niclas Havelid.
3:33 of 2nd period - Stopped by Evgeni Nabokov without a rebound.
3:34 of 2nd period - Erik Cole wins face-off versus Brendan Morrison in Hurricanes zone.
3:56 of 2nd period - Off-side.
3:57 of 2nd period - Robert Lang wins face-off versus Erik Cole in neutral zone.
4:56 of 2nd period - Shot by Brendan Morrison.
4:56 of 2nd period - Stopped by Evgeni Nabokov without a rebound.
4:57 of 2nd period - Brendan Morrison wins face-off versus Erik Cole in Hurricanes zone.
5:26 of 2nd period - Shot by Alexander Frolov.
5:26 of 2nd period - Stopped by Evgeni Nabokov with a rebound.
5:31 of 2nd period - Shot by Alexander Frolov.
5:31 of 2nd period - Deflect By Jozef Stumpel.
5:31 of 2nd period - Stopped by Evgeni Nabokov without a rebound.
5:32 of 2nd period - Bobby Holik wins face-off versus Jeff Halpern in Hurricanes zone.
5:36 of 2nd period - Minor Penalty to Scott Mellanby for Interference.
5:37 of 2nd period - Bobby Holik wins face-off versus Eric Staal in Hurricanes zone.
5:41 of 2nd period - Minor Penalty to Philippe Boucher for Holding.
5:42 of 2nd period - Jeff Halpern wins face-off versus Jozef Stumpel in Hurricanes zone.
6:31 of 2nd period - Shot by Eric Staal.
6:31 of 2nd period - Shot Blocked by Brett Clark.
6:47 of 2nd period - Icing by David Tanabe.
6:48 of 2nd period - Jozef Stumpel wins face-off versus Eric Staal in Hurricanes zone.
7:20 of 2nd period - Icing by Glen Wesley.
7:21 of 2nd period - Bobby Holik wins face-off versus Jeff Halpern in Hurricanes zone.
7:38 of 2nd period - Shot by Jeff Halpern.
7:38 of 2nd period - Shot Misses the Net.
8:05 of 2nd period - Shot by Ilya Kovalchuk.
8:05 of 2nd period - Stopped by Evgeni Nabokov without a rebound.
8:06 of 2nd period - Eric Belanger wins face-off versus Robert Lang in Hurricanes zone.
8:06 of 2nd period - Minor Penalty to Robert Lang for Hooking.
8:07 of 2nd period - Bobby Holik wins face-off versus Eric Staal in Hurricanes zone.
8:32 of 2nd period - Shot by Erik Cole.
8:32 of 2nd period - Shot Misses the Net.
8:33 of 2nd period - Shot by Erik Cole.
8:33 of 2nd period - Shot Misses the Net.
10:18 of 2nd period - Shot by Kevyn Adams.
10:18 of 2nd period - Shot Misses the Net.
10:21 of 2nd period - Shot by Fredrik Sjostrom.
10:21 of 2nd period - Stopped by Kari Lehtonen without a rebound.
10:22 of 2nd period - Eric Belanger wins face-off versus Robert Lang in Thrashers zone.
11:00 of 2nd period - Ray Whitney is hit by Philippe Boucher and loses puck.
11:28 of 2nd period - Shot by Ilya Kovalchuk.
11:28 of 2nd period - Deflect By Scott Mellanby.
11:28 of 2nd period - Stopped by Evgeni Nabokov without a rebound.
11:29 of 2nd period - Brendan Morrison wins face-off versus Justin Williams in Hurricanes zone.
11:30 of 2nd period - Shot by Ilya Kovalchuk.
11:30 of 2nd period - Shot Blocked by Glen Wesley.
11:35 of 2nd period - Shot by Martin Havlat.
11:35 of 2nd period - Shot Misses the Net.
11:36 of 2nd period - Shot by Martin Havlat.
11:36 of 2nd period - Stopped by Kari Lehtonen without a rebound.
11:37 of 2nd period - Jozef Stumpel wins face-off versus Eric Staal in Thrashers zone.
11:45 of 2nd period - Icing by Brent Sopel.
11:46 of 2nd period - Bobby Holik wins face-off versus Eric Staal in Hurricanes zone.
11:47 of 2nd period - Shot by Ilya Kovalchuk.
11:47 of 2nd period - Stopped by Evgeni Nabokov without a rebound.
11:48 of 2nd period - Brendan Morrison wins face-off versus Jeff Halpern in Hurricanes zone.
11:49 of 2nd period - Shot by Ilya Kovalchuk.
11:49 of 2nd period - Deflect By Anson Carter.
11:49 of 2nd period - Shot Blocked by Glen Wesley.
11:52 of 2nd period - Shot by Brendan Morrison.
11:52 of 2nd period - Shot Misses the Net.
12:13 of 2nd period - Shot by Ilya Kovalchuk.
12:13 of 2nd period - Stopped by Evgeni Nabokov without a rebound.
12:14 of 2nd period - Kevyn Adams wins face-off versus Jozef Stumpel in Hurricanes zone.
12:19 of 2nd period - Shot by Kevyn Adams.
12:19 of 2nd period - Goal by Kevyn Adams - Thrashers : 0 - Hurricanes : 1.
12:20 of 2nd period - Jozef Stumpel wins face-off versus Eric Staal in neutral zone.
12:35 of 2nd period - Shot by Eric Staal.
12:35 of 2nd period - Deflect By Erik Cole.
12:35 of 2nd period - Shot Blocked by Mike Van Ryn.
12:38 of 2nd period - Shot by Eric Staal.
12:38 of 2nd period - Shot Misses the Net.
13:17 of 2nd period - Shot by Justin Williams.
13:17 of 2nd period - Shot Misses the Net.
13:24 of 2nd period - Shot by Anson Carter.
13:24 of 2nd period - Stopped by Evgeni Nabokov without a rebound.
13:25 of 2nd period - Robert Lang wins face-off versus Eric Belanger in Hurricanes zone.
13:44 of 2nd period - Shot by Eric Staal.
13:44 of 2nd period - Shot Misses the Net.
13:55 of 2nd period - Shot by Robert Lang.
13:55 of 2nd period - Stopped by Evgeni Nabokov without a rebound.
13:56 of 2nd period - Kevyn Adams wins face-off versus Brendan Morrison in Hurricanes zone.
14:09 of 2nd period - Shot by Fredrik Sjostrom.
14:09 of 2nd period - Stopped by Kari Lehtonen without a rebound.
14:10 of 2nd period - Jeff Halpern wins face-off versus Bobby Holik in Thrashers zone.
14:16 of 2nd period - Justin Williams is hit by Andy Sutton and loses puck.
14:32 of 2nd period - Shot by Ilya Kovalchuk.
14:32 of 2nd period - Stopped by Evgeni Nabokov with a rebound.
15:13 of 2nd period - Shot by Alexander Frolov.
15:13 of 2nd period - Stopped by Evgeni Nabokov with a rebound.
15:23 of 2nd period - Off-side.
15:24 of 2nd period - Eric Belanger wins face-off versus Robert Lang in neutral zone.
15:34 of 2nd period - Icing by Brett Clark.
15:35 of 2nd period - Robert Lang wins face-off versus Eric Staal in Thrashers zone.
15:59 of 2nd period - Marian Hossa is hit by Cory Stillman and loses puck.
16:08 of 2nd period - Ladislav Nagy is hit by Frantisek Kaberle and loses puck.
17:19 of 2nd period - Icing by Eric Staal.
17:20 of 2nd period - Brendan Morrison wins face-off versus Eric Belanger in Hurricanes zone.
17:23 of 2nd period - Shot by Anson Carter.
17:23 of 2nd period - Stopped by Evgeni Nabokov without a rebound.
17:24 of 2nd period - Brendan Morrison wins face-off versus Kevyn Adams in Hurricanes zone.
17:27 of 2nd period - Shot by Ilya Kovalchuk.
17:27 of 2nd period - Deflect By Anson Carter.
17:27 of 2nd period - Shot Misses the Net.
17:28 of 2nd period - Shot by Greg de Vries.
17:28 of 2nd period - Shot Misses the Net.
17:36 of 2nd period - Major Penalty to Brad Isbister for Kneeing.
17:37 of 2nd period - Brendan Morrison wins face-off versus Erik Cole in neutral zone.
18:00 of 2nd period - Shot by Brendan Morrison.
18:00 of 2nd period - Shot Misses the Net.
19:06 of 2nd period - Icing by Ilya Kovalchuk.
19:07 of 2nd period - Eric Staal wins face-off versus Brendan Morrison in Thrashers zone.
19:46 of 2nd period - Shot by Robert Lang.
19:46 of 2nd period - Shot Misses the Net.
19:51 of 2nd period - Shot by Alexander Frolov.
19:51 of 2nd period - Shot Hit the Post.
19:52 of 2nd period - Shot by Greg de Vries.
19:52 of 2nd period - Shot Misses the Net.

Period #3

0:01 of 3rd period - Eric Staal wins face-off versus Brendan Morrison in neutral zone.
0:20 of 3rd period - Shot by Ilya Kovalchuk.
0:20 of 3rd period - Shot Blocked by Bret Hedican.
0:25 of 3rd period - Shot by Ilya Kovalchuk.
0:25 of 3rd period - Stopped by Evgeni Nabokov with a rebound.
0:28 of 3rd period - Shot by Ales Kotalik.
0:28 of 3rd period - Shot Misses the Net.
0:31 of 3rd period - Shot by Ilya Kovalchuk.
0:31 of 3rd period - Stopped by Evgeni Nabokov without a rebound.
0:32 of 3rd period - Erik Cole wins face-off versus Robert Lang in Hurricanes zone.
1:00 of 3rd period - Icing by Niclas Havelid.
1:01 of 3rd period - Eric Staal wins face-off versus Robert Lang in Thrashers zone.
1:01 of 3rd period - Cory Stillman is hit by Greg de Vries and loses puck.
1:05 of 3rd period - Shot by Eric Staal.
1:05 of 3rd period - Stopped by Kari Lehtonen without a rebound.
1:06 of 3rd period - Eric Staal wins face-off versus Brendan Morrison in Thrashers zone.
1:13 of 3rd period - Shot by Ilya Kovalchuk.
1:13 of 3rd period - Shot Misses the Net.
1:16 of 3rd period - Shot by Brendan Morrison.
1:16 of 3rd period - Deflect By Ilya Kovalchuk.
1:16 of 3rd period - Shot Blocked by Bret Hedican.
1:26 of 3rd period - Ales Kotalik is hit by Kurtis Foster and loses puck.
3:12 of 3rd period - Shot by Fredrik Sjostrom.
3:12 of 3rd period - Shot Misses the Net.
3:18 of 3rd period - Off-side.
3:19 of 3rd period - Jeff Halpern wins face-off versus Ales Kotalik in neutral zone.
3:22 of 3rd period - Shot by Martin Havlat.
3:22 of 3rd period - Stopped by Kari Lehtonen without a rebound.
3:23 of 3rd period - Scott Walker wins face-off versus Robert Lang in Thrashers zone.
4:41 of 3rd period - Icing by Niclas Havelid.
4:42 of 3rd period - Jozef Stumpel wins face-off versus Kevyn Adams in Thrashers zone.
5:15 of 3rd period - Shot by Ilya Kovalchuk.
5:15 of 3rd period - Goal by Ilya Kovalchuk - Thrashers : 1 - Hurricanes : 1.
5:16 of 3rd period - Eric Staal wins face-off versus Bobby Holik in neutral zone.
5:27 of 3rd period - Shot by Cory Stillman.
5:27 of 3rd period - Shot Blocked by Ilya Kovalchuk.
5:32 of 3rd period - Shot by Eric Staal.
5:32 of 3rd period - Stopped by Kari Lehtonen with a rebound.
5:33 of 3rd period - Shot by Erik Cole.
5:33 of 3rd period - Shot Blocked by Brian Leetch.
5:36 of 3rd period - Shot by Eric Staal.
5:36 of 3rd period - Shot Misses the Net.
5:46 of 3rd period - Erik Cole is hit by Brian Leetch and loses puck.
7:43 of 3rd period - Minor Penalty to Mike Van Ryn for Tripping.
7:44 of 3rd period - Bobby Holik wins face-off versus Eric Staal in Hurricanes zone.
8:13 of 3rd period - Shot by Eric Staal.
8:13 of 3rd period - Stopped by Kari Lehtonen without a rebound.
8:14 of 3rd period - Eric Staal wins face-off versus Bobby Holik in Thrashers zone.
8:15 of 3rd period - Shot by Kurtis Foster.
8:15 of 3rd period - Deflect By Eric Staal.
8:15 of 3rd period - Stopped by Kari Lehtonen without a rebound.
8:16 of 3rd period - Bobby Holik wins face-off versus Eric Staal in Thrashers zone.
9:11 of 3rd period - Shot by Jeff Halpern.
9:11 of 3rd period - Shot Misses the Net.
9:12 of 3rd period - Shot by David Tanabe.
9:12 of 3rd period - Shot Misses the Net.
9:13 of 3rd period - Shot by Martin Havlat.
9:13 of 3rd period - Deflect By Jeff Halpern.
9:13 of 3rd period - Stopped by Kari Lehtonen without a rebound.
9:14 of 3rd period - Jeff Halpern wins face-off versus Jozef Stumpel in Thrashers zone.
9:19 of 3rd period - Shot by Martin Havlat.
9:19 of 3rd period - Stopped by Kari Lehtonen without a rebound.
9:19 of 3rd period - Minor Penalty to Kari Lehtonen for Slashing.
9:20 of 3rd period - Eric Staal wins face-off versus Bobby Holik in Thrashers zone.
9:23 of 3rd period - Shot by Cory Stillman.
9:23 of 3rd period - Shot Misses the Net.
10:06 of 3rd period - Shot by Martin Havlat.
10:06 of 3rd period - Shot Misses the Net.
10:07 of 3rd period - Shot by Martin Havlat.
10:07 of 3rd period - Shot Misses the Net.
10:15 of 3rd period - Icing by Scott Walker.
10:16 of 3rd period - Jeff Halpern wins face-off versus Ilya Kovalchuk in Hurricanes zone.
10:49 of 3rd period - Shot by Fredrik Sjostrom.
10:49 of 3rd period - Deflect By Justin Williams.
10:49 of 3rd period - Shot Blocked by Philippe Boucher.
11:47 of 3rd period - Icing by Ales Kotalik.
11:48 of 3rd period - Jozef Stumpel wins face-off versus Jeff Halpern in Thrashers zone.
12:19 of 3rd period - Shot by Ilya Kovalchuk.
12:19 of 3rd period - Shot Misses the Net.
12:20 of 3rd period - Shot by Brian Leetch.
12:20 of 3rd period - Stopped by Evgeni Nabokov without a rebound.
12:21 of 3rd period - Ladislav Nagy wins face-off versus Eric Staal in Hurricanes zone.
12:46 of 3rd period - Shot by Robert Lang.
12:46 of 3rd period - Deflect By Marian Hossa.
12:46 of 3rd period - Shot Blocked by Brent Sopel.
12:47 of 3rd period - Shot by Philippe Boucher.
12:47 of 3rd period - Shot Misses the Net.
14:08 of 3rd period - Shot by Martin Havlat.
14:08 of 3rd period - Shot Misses the Net.
14:11 of 3rd period - Shot by Jeff Halpern.
14:11 of 3rd period - Deflect By Justin Williams.
14:11 of 3rd period - Stopped by Kari Lehtonen with a rebound.
14:12 of 3rd period - Shot by Glen Wesley.
14:12 of 3rd period - Shot Misses the Net.
14:39 of 3rd period - Shot by Fredrik Sjostrom.
14:39 of 3rd period - Shot Misses the Net.
14:40 of 3rd period - Shot by Brad Isbister.
14:40 of 3rd period - Shot Misses the Net.
14:45 of 3rd period - Shot by Kevyn Adams.
14:45 of 3rd period - Stopped by Kari Lehtonen without a rebound.
14:46 of 3rd period - Eric Belanger wins face-off versus Jozef Stumpel in Thrashers zone.
14:49 of 3rd period - Shot by Scott Walker.
14:49 of 3rd period - Deflect By Eric Belanger.
14:49 of 3rd period - Shot Blocked by Mike Van Ryn.
14:54 of 3rd period - Shot by Ray Whitney.
14:54 of 3rd period - Shot Misses the Net.
14:55 of 3rd period - Shot by Ray Whitney.
14:55 of 3rd period - Stopped by Kari Lehtonen without a rebound.
14:56 of 3rd period - Kevyn Adams wins face-off versus Robert Lang in Thrashers zone.
14:57 of 3rd period - Shot by Fredrik Sjostrom.
14:57 of 3rd period - Stopped by Kari Lehtonen with a rebound.
14:58 of 3rd period - Shot by Fredrik Sjostrom.
14:58 of 3rd period - Stopped by Kari Lehtonen without a rebound.
14:59 of 3rd period - Robert Lang wins face-off versus Eric Staal in Thrashers zone.
15:10 of 3rd period - Shot by Robert Lang.
15:10 of 3rd period - Stopped by Evgeni Nabokov with a rebound.
15:11 of 3rd period - Shot by Ladislav Nagy.
15:11 of 3rd period - Stopped by Evgeni Nabokov with a rebound.
15:12 of 3rd period - Shot by Brett Clark.
15:12 of 3rd period - Stopped by Evgeni Nabokov with a rebound.
15:13 of 3rd period - Shot by Philippe Boucher.
15:13 of 3rd period - Shot Blocked by Frantisek Kaberle.
15:14 of 3rd period - Shot by Robert Lang.
15:14 of 3rd period - Stopped by Evgeni Nabokov without a rebound.
15:15 of 3rd period - Jeff Halpern wins face-off versus Jozef Stumpel in Hurricanes zone.
15:15 of 3rd period - Justin Williams is hit by Jozef Stumpel and loses puck.
15:57 of 3rd period - Shot by Jozef Stumpel.
15:57 of 3rd period - Shot Blocked by Martin Havlat.
16:03 of 3rd period - Justin Williams is hit by Mike Van Ryn and loses puck.
16:25 of 3rd period - Shot by Marian Hossa.
16:25 of 3rd period - Shot Blocked by Glen Wesley.
16:29 of 3rd period - Justin Williams is hit by Philippe Boucher and loses puck.
16:46 of 3rd period - Icing by Scott Walker.
16:47 of 3rd period - Eric Belanger wins face-off versus Bobby Holik in Hurricanes zone.
16:53 of 3rd period - Icing by Andy Sutton.
16:54 of 3rd period - Bobby Holik wins face-off versus Eric Staal in Thrashers zone.
17:33 of 3rd period - Shot by Marian Hossa.
17:33 of 3rd period - Shot Misses the Net.
17:52 of 3rd period - Shot by Marian Hossa.
17:52 of 3rd period - Stopped by Evgeni Nabokov without a rebound.
17:53 of 3rd period - Eric Belanger wins face-off versus Jozef Stumpel in Hurricanes zone.
18:01 of 3rd period - Jeff Halpern is hit by Mike Van Ryn and loses puck.
18:33 of 3rd period - Shot by Ales Kotalik.
18:33 of 3rd period - Shot Blocked by Jeff Halpern.
18:49 of 3rd period - Kevyn Adams and Jozef Stumpel fight to a draw.
18:49 of 3rd period - Penalty to Kevyn Adams for Fighting.
18:49 of 3rd period - Penalty to Jozef Stumpel for Fighting.
18:50 of 3rd period - Eric Staal wins face-off versus Robert Lang in Hurricanes zone.
19:17 of 3rd period - Shot by Eric Staal.
19:17 of 3rd period - Stopped by Kari Lehtonen without a rebound.
19:18 of 3rd period - Robert Lang wins face-off versus Erik Cole in Thrashers zone.

Overtime #1

0:01 of 1st overtime period - Robert Lang wins face-off versus Eric Staal in neutral zone.
0:13 of 1st overtime period - Icing by Bret Hedican.
0:14 of 1st overtime period - Eric Staal wins face-off versus Brendan Morrison in Hurricanes zone.
0:34 of 1st overtime period - Icing by Mike Van Ryn.
0:35 of 1st overtime period - Brendan Morrison wins face-off versus Scott Walker in Thrashers zone.
1:06 of 1st overtime period - Shot by Erik Cole.
1:06 of 1st overtime period - Shot Misses the Net.
1:47 of 1st overtime period - Shot by Ladislav Nagy.
1:47 of 1st overtime period - Shot Blocked by Erik Cole.
1:48 of 1st overtime period - Shot by Andy Sutton.
1:48 of 1st overtime period - Shot Blocked by Glen Wesley.
1:51 of 1st overtime period - Shot by Robert Lang.
1:51 of 1st overtime period - Stopped by Evgeni Nabokov with a rebound.
1:54 of 1st overtime period - Shot by Ladislav Nagy.
1:54 of 1st overtime period - Shot Misses the Net.
1:55 of 1st overtime period - Shot by Brett Clark.
1:55 of 1st overtime period - Shot Blocked by Bret Hedican.
1:56 of 1st overtime period - Shot by Brett Clark.
1:56 of 1st overtime period - Shot Blocked by Glen Wesley.
2:22 of 1st overtime period - Niclas Havelid is hit by Cory Stillman and loses puck.
2:26 of 1st overtime period - Shot by Niclas Havelid.
2:26 of 1st overtime period - Shot Blocked by Kurtis Foster.
2:33 of 1st overtime period - Shot by Alexander Frolov.
2:33 of 1st overtime period - Stopped by Evgeni Nabokov with a rebound.
2:34 of 1st overtime period - Shot by Brendan Morrison.
2:34 of 1st overtime period - Stopped by Evgeni Nabokov with a rebound.
2:39 of 1st overtime period - Shot by Alexander Frolov.
2:39 of 1st overtime period - Shot Blocked by Cory Stillman.
2:48 of 1st overtime period - Shot by Eric Staal.
2:48 of 1st overtime period - Shot Misses the Net.
2:53 of 1st overtime period - Shot by Cory Stillman.
2:53 of 1st overtime period - Stopped by Kari Lehtonen with a rebound.
2:55 of 1st overtime period - Icing by Andy Sutton.
2:56 of 1st overtime period - Robert Lang wins face-off versus Cory Stillman in Thrashers zone.
3:01 of 1st overtime period - Shot by Ladislav Nagy.
3:01 of 1st overtime period - Shot Misses the Net.
3:06 of 1st overtime period - Shot by Kurtis Foster.
3:06 of 1st overtime period - Shot Misses the Net.
3:07 of 1st overtime period - Shot by Kurtis Foster.
3:07 of 1st overtime period - Shot Misses the Net.
3:08 of 1st overtime period - Shot by Brent Sopel.
3:08 of 1st overtime period - Shot Misses the Net.
3:13 of 1st overtime period - Shot by Eric Staal.
3:13 of 1st overtime period - Shot Misses the Net.
3:18 of 1st overtime period - Shot by Cory Stillman.
3:18 of 1st overtime period - Stopped by Kari Lehtonen without a rebound.
3:19 of 1st overtime period - Brendan Morrison wins face-off versus Justin Williams in Thrashers zone.
4:20 of 1st overtime period - Shot by Marian Hossa.
4:20 of 1st overtime period - Goal by Marian Hossa - Thrashers : 2 - Hurricanes : 1.


Output by the SimonT Hockey Simulator (STHS) for Stephane Roy -- Original Page W3C XHTML 1.0 Valid